 Dungeon Crawl Stone Soup version 0.25-a0-246-g58704a1ebd (webtiles) character file.

Game seed: 7758928766205926621, levelgen mode: classic

9181 Borgoz the Cruncher (level 11, -5/69 HPs)
             Began as a Gargoyle Gladiator on Dec 4, 2019.
             Was a High Priest of Okawaru.
             Killed from afar by a gargoyle (24 damage)
             ... with a stone arrow
             ... on level 10 of the Dungeon.
             The game lasted 00:19:10 (10247 turns).

Borgoz the Cruncher (Gargoyle Gladiator)           Turns: 10247, Time: 00:19:11

Health: -5/69      AC: 20    Str: 22    XL:     11   Next: 42%
Magic:  13/13      EV: 14    Int:  8    God:    Okawaru [*****.]
Gold:   374        SH:  0    Dex: 11    Spells: 9/10 levels left

rFire    + . .     SeeInvis .   a - +0 lajatang
rCold    . . .     Gourm    +   (shield currently unavailable)
rNeg     + . .     Faith    .   v - +1 scale mail of Death's Door {rF+ rCorr}
rPois    ∞         Spirit   .   c - +0 helmet
rElec    +         Reflect  .   (no cloak)
rCorr    +         Harm     .   t - +0 pair of gloves
MR       .....                  (no boots)
Stlth    ..........             A - amulet of the gourmand
HPRegen  0.21/turn              m - ring of resist corrosion
MPRegen  0.13/turn              q - +1 ring of evasion

@: no status effects
A: negative energy resistance 1, electricity resistance, unbreathing,
petrification resistance, rot immunity, AC +8
a: Heroism, Finesse, Renounce Religion


You were on level 10 of the Dungeon.
You worshipped Okawaru.
Okawaru was extremely pleased with you.
You were completely stuffed.

You visited 2 branches of the dungeon, and saw 11 of its levels.

You collected 738 gold pieces.
You spent 364 gold pieces at shops.

Inventory:

Hand Weapons
 a - a +0 lajatang (weapon)
 b - a +0 whip of electrocution
 r - the +4 war axe "Paqi Ubb" {freeze, *Noise MR+ Dex+2}
   (You found it on level 5 of the Dungeon)

   It has been specially enchanted to freeze those struck by it, causing extra
   injury to most foes and up to half again as much damage against particularly
   susceptible opponents.
   It can also slow down cold-blooded creatures.
   It affects your dexterity (+2).
   It affects your resistance to hostile enchantments.
   It may make noises in combat.
 s - a +2 quarterstaff
 E - the +6 dire flail of Mandamus {holy, +Fly rPois Str-5}
   (You took it off an ogre on level 5 of the Dungeon)

   It has been blessed by the Shining One to cause great damage to the undead
   and demons.
   It affects your strength (-5).
   It protects you from poison.
   It lets you fly.
Missiles
 d - 3 throwing nets (quivered)
Armour
 c - a +0 helmet (worn)
 i - +0 pearl dragon scales
 t - a +0 pair of gloves (worn)
 v - the +1 scale mail of Death's Door (worn) {rF+ rCorr}
   (You found it on level 4 of the Dungeon)

   It protects you from fire.
   It provides partial protection from all sources of acid and corrosion.
Jewellery
 e - an uncursed ring of ice
 m - a ring of resist corrosion (left hand)
 q - a +1 ring of evasion (right hand)
 A - an amulet of the gourmand (around neck)
Wands
 n - a wand of enslavement (14)
 y - a wand of scattershot (2)
 z - a wand of acid (6)
 C - a wand of iceblast (11)
 L - a wand of random effects (23)
Scrolls
 h - 4 scrolls of enchant weapon
 k - 4 scrolls of remove curse
 x - 7 scrolls of teleportation
 B - a scroll of blinking
 D - a scroll of fog
 K - a scroll of identify
Potions
 g - 2 potions of curing
 j - a potion of invisibility
 l - 3 potions of brilliance
 o - 2 potions of flight
 p - 3 potions of resistance
 u - 2 potions of might
 w - a potion of magic
 F - a potion of berserk rage {unknown}
 H - a potion of degeneration {unknown}
 I - a potion of agility
Comestibles
 f - 20 rations
 J - 9 chunks of flesh


   Skills:
 + Level 8.7 Fighting
 * Level 11.2 Staves
 - Level 1.7 Throwing
 + Level 8.3 Armour
 + Level 7.0 Dodging
 + Level 3.6 Invocations


You had 9 spell levels left.
You knew the following spells:

 Your Spells              Type           Power        Failure   Level  Hunger
a - Confusing Touch       Hex            #.....       69%         1    ##.....

Your spell library contained the following spells:

 Spells                   Type           Power        Failure   Level  Hunger
 Animate Skeleton         Necr           N/A          69%         1    ##.....
 Apportation              Tloc           #.....       69%         1    ##.....
 Sting                    Tmut/Pois      #...         69%         1    ##.....
 Summon Butterflies       Summ           #.......     69%         1    ##.....
 Summon Small Mammal      Summ           #...         69%         1    ##.....
 Poisonous Vapours        Pois/Air       #.....       83%         2    ###....
 Ignite Poison            Fire/Tmut/Pois #.......     96%         3    ####...
 Lesser Beckoning         Tloc           #.........   96%         3    ####...
 Mephitic Cloud           Conj/Pois/Air  #.......     96%         3    ####...
 Tukima's Dance           Hex            #.......     96%         3    ####...
 Olgreb's Toxic Radiance  Pois           #.......     100%        4    #####..
 Alistair's Intoxication  Tmut/Pois      #.......     100%        5    ######.
 Invisibility             Hex            #.......     100%        6    #######


Dungeon Overview and Level Annotations

Branches:
Dungeon (10/15)            Temple (1/1) D:4            Lair (0/6) D:8
    Orc (0/2) D:9

Altars:
Ashenzari
Cheibriados
Dithmenos
Elyvilon
Fedhas
Gozag
Hepliaklqana
Kikubaaqudgha
Makhleb
Nemelex Xobeh
Okawaru
Qazlal
Ru
Sif Muna
Trog
Uskayaw
Vehumet
Wu Jian
Xom
Yredelemnul
Zin
The Shining One
Beogh

Shops:
D:6 (   D:9 ?


Innate Abilities, Weirdness & Mutations

You are resistant to torment.
Your stone body is resilient. (AC +8)
You are immune to poison.
You resist negative energy. (rN+)
You are resistant to electric shocks. (rElec)
You can survive without breathing.
You are immune to petrification.
You are immune to rotting.


Message History

As you read the scroll of fear, it crumbles to dust.
You assume a fearsome visage.
The orc warrior looks frightened!
The gargoyle is unaffected.
The gargoyle hurls a stone arrow at you.
The stone arrow misses you.
You barely miss the gargoyle. The gargoyle hits you with a +0 mace.
* * * LOW HITPOINT WARNING * * *
You slash the gargoyle!
The gargoyle is moderately damaged.
The gargoyle hurls a stone arrow at you.
The stone arrow misses you.
Throwing (i - inventory)
d - 4 throwing nets (quivered)
Press: ? - help, Shift-Dir - straight line, f - gargoyle
Aim: a gargoyle, wielding a +0 mace (moderately damaged)
You throw a throwing net. The throwing net hits the gargoyle.
The gargoyle is caught in the net!
The gargoyle is moderately damaged.
The gargoyle hurls a stone arrow at you.
The stone arrow hits you!!
You die...

##..##.......#........# #.#
#..##.......#.....)..# #.#
#..##.......#........# #.#
#...........#........###.#
#...........#............#
#...........#............#
#...................####.#
#...........##9.....# .#
##...........##.@....# .#
.............##......# .#
÷............##......# .#
##...........##......####.#
##.........÷.##...........#
##.........÷.##.........<.#
##..#######...............#
##..#.#.#.#.....o.........#
#...#^^^^^#..##...........#


You could see an orc warrior (fleeing) and a gargoyle (caught).

Vanquished Creatures
  Gastronok (D:9)
  A two-headed ogre (D:8)
  Pikel (D:5)
  The ghost of floatRand the Chopper, a novice DsMo (D:5)
  A hornet (D:10)
  A hippogriff (D:8)
  A meliai zombie (D:10)
  Sigmund (D:4)
  A wraith (D:10)
  A wyvern (D:10)
  Menkaure (D:6)
  A water moccasin (D:9)
  A porcupine (D:8)
  An orc warrior (D:10)
  3 black bears
  3 ice beasts
  4 sky beasts
  4 slaves (D:5)
  A necrophage (D:4)
  A phantom (D:6)
  8 ogres
  4 centaurs
  3 crocodiles
  Blork the orc (D:4)
  A wyvern zombie (D:9)
  5 bullfrogs
  A water moccasin zombie (D:8)
  4 scorpions
  A water moccasin skeleton (D:5)
  3 howler monkeys (D:9)
  6 crimson imps
  A centaur zombie (D:5)
  2 bullfrog skeletons
  2 bullfrog zombies
  7 hounds
  7 orc priests
  4 jellies
  4 iguanas
  2 orc wizards
  Ijyb (D:4)
  5 worker ants
  A killer bee zombie (D:8)
  A hound zombie (D:6)
  6 gnolls
  15 adders
  A shadow imp (D:9)
  An adder zombie (D:8)
  An adder skeleton (D:9)
  A worm (D:4)
  5 dart slugs
  4 leopard geckos
  30 orcs
  7 ball pythons
  5 giant cockroaches
  2 goblins
  6 hobgoblins
  11 jackals
  2 quokkas
  5 bats
  7 frilled lizards
  A jackal skeleton (D:8)
  7 kobolds
  A leopard gecko skeleton (D:4)
  5 rats
  3 fungi (D:7)
  A plant (D:8)
231 creatures vanquished.

Vanquished Creatures (others)
  21 fungi (D:8)
  8 plants (D:8)
  3 toadstools (D:7)
32 creatures vanquished.

Grand Total: 263 creatures vanquished

Notes
Turn   | Place    | Note
-------+----------+-------------------------------------------
     0 | D:1      | Borgoz the Gargoyle Gladiator began the quest for the Orb.
     0 | D:1      | Reached XP level 1. HP: 12/12 MP: 1/1
   168 | D:1      | Reached XP level 2. HP: 18/18 MP: 2/2
   474 | D:1      | Reached skill level 1 in Armour
   498 | D:1      | Reached XP level 3. HP: 21/22 MP: 3/3
   754 | D:2      | Reached XP level 4. HP: 23/27 MP: 4/4
   764 | D:2      | Found an ancient bone altar of Kikubaaqudgha.
  1389 | D:3      | Reached skill level 4 in Staves
  1687 | D:3      | Reached XP level 5. HP: 29/32 MP: 5/5
  2014 | D:4      | Noticed an ogre
  2019 | D:4      | Killed an ogre
  2070 | D:4      | Found a staircase to the Ecumenical Temple.
  2137 | D:4      | Reached XP level 6. HP: 31/37 MP: 6/6
  2154 | Temple   | Entered the Ecumenical Temple
  2286 | Temple   | Became a worshipper of Warmaster Okawaru
  2458 | D:4      | Noticed Blork the orc
  2469 | D:4      | Killed Blork the orc
  2591 | D:4      | Noticed Sigmund
  2607 | D:4      | Reached skill level 5 in Staves
  2617 | D:4      | Killed Sigmund
  2617 | D:4      | Reached XP level 7. HP: 19/43 MP: 7/7
  2819 | D:4      | Noticed Ijyb
  2852 | D:4      | Killed Ijyb
  2862 | D:4      | Reached * piety under Okawaru
  2985 | D:5      | Entered Level 5 of the Dungeon
  3036 | D:5      | Got a faintly glowing war axe
  3037 | D:5      | Identified the +4 war axe "Paqi Ubb" {freeze, *Noise MR+
                  | Dex+2} (You found it on level 5 of the Dungeon)
  3049 | D:5      | Reached skill level 6 in Staves
  3283 | D:4      | Got a heavily runed scale mail
  3294 | D:4      | Identified the +1 scale mail of Death's Door {rF+ rCorr}
                  | (You found it on level 4 of the Dungeon)
  3369 | D:4      | Found a stormy altar of Qazlal.
  3369 | D:4      | Found a faded altar of an unknown god.
  3374 | D:4      | Found a blossoming altar of Fedhas.
  3376 | D:4      | Found a shattered altar of Ashenzari.
  3378 | D:4      | Found a hazy altar of Hepliaklqana.
  3499 | D:4      | Reached XP level 8. HP: 48/48 MP: 8/8
  3777 | D:5      | Reached skill level 5 in Fighting
  3902 | D:5      | Noticed Pikel
  3946 | D:5      | Killed Pikel
  3946 | D:5      | Reached ** piety under Okawaru
  3946 | D:5      | Reached skill level 7 in Staves
  3946 | D:5      | Reached skill level 5 in Armour
  4137 | D:5      | Reached XP level 9. HP: 53/55 MP: 9/9
  4297 | D:5      | Found a transporter.
  4297 | D:5      | Identified the +6 dire flail of Mandamus {holy, +Fly rPois
                  | Str-5}
  4297 | D:5      | Noticed floatRand's ghost (novice DsMo)
  4306 | D:5      | Found a transporter.
  4493 | D:6      | Reached skill level 8 in Staves
  4508 | D:6      | Found Jeolluul's Weapon Shop.
  4509 | D:6      | Noticed Menkaure
  4523 | D:6      | Killed Menkaure
  4523 | D:6      | Reached skill level 5 in Dodging
  4697 | D:6      | Bought a +0 lajatang for 210 gold pieces
  5211 | D:6      | Found a bloodstained altar of Trog.
  5214 | D:6      | Found a sparkling altar of Nemelex Xobeh.
  5560 | D:7      | Reached *** piety under Okawaru
  5650 | D:7      | Found a shimmering blue altar of Sif Muna.
  6077 | D:7      | Reached skill level 9 in Staves
  7187 | D:8      | Reached XP level 10. HP: 51/63 MP: 10/10
  7260 | D:8      | Reached **** piety under Okawaru
  7269 | D:8      | Learned a level 1 spell: Confusing Touch
  7293 | D:8      | Noticed a two-headed ogre
  7331 | D:8      | Killed a two-headed ogre
  7337 | D:8      | Found a staircase to the Lair.
  7364 | D:8      | Reached skill level 10 in Staves
  7955 | D:9      | Found Vusk's Magic Scroll Shoppe.
  7964 | D:9      | Bought a scroll of identify for 28 gold pieces
  7964 | D:9      | Bought a scroll of identify for 28 gold pieces
  7964 | D:9      | Bought a scroll of identify for 28 gold pieces
  7964 | D:9      | Bought a scroll of identify for 28 gold pieces
  7964 | D:9      | Bought a scroll of teleportation for 42 gold pieces
  8065 | D:9      | Reached ***** piety under Okawaru
  8189 | D:9      | Reached skill level 1 in Invocations
  8271 | D:9      | Found a hide-covered altar of Uskayaw.
  8349 | D:9      | Found a staircase to the Orcish Mines.
  8374 | D:9      | Noticed Gastronok
  8383 | D:9      | Killed Gastronok
  8383 | D:9      | Received a gift from Okawaru
  8383 | D:9      | Reached XP level 11. HP: 46/69 MP: 10/13
  8453 | D:9      | Found a roughly hewn altar of Beogh.
  8912 | D:10     | Entered Level 10 of the Dungeon
  9033 | D:5      | Reached skill level 11 in Staves
  9375 | D:5      | Killed floatRand's ghost
 10247 | D:10     | Killed from afar by a gargoyle

Levels and vault maps discovered:
D:1:      minmay_arrival_cross, layout_rooms
D:2:      layout_basic, kiku_gazebo_garden_becter
D:3:      layout_basic, minmay_shallow_snake_nest
D:4:      minmay_recursive_quarters, layout_basic,
          chequers_temple_overflow_minitemple,
          minmay_temple_entry_drinking_statues, first_ration, uniq_sigmund,
          uniq_ijyb, uniq_blork_the_orc
D:5:      minmay_evil_eye, layout_basic, gammafunk_ghost_smash,
          kennysheep_generic_room_6, uniq_pikel
D:6:      layout_basic, minitemple, serial_shops, shop, minmay_misc_feat_rugged,
          uniq_menkaure
D:7:      layout_layer_cave, basic_altar, minmay_gold_behind_fungi,
          grunt_ogre_cave
D:8:      layout_loops_ring, due_lair_maze_entry_diamond
D:9:      layout_stronghold, nicolae_overflow_crystal_walls,
          minmay_orc_entry_temple_small, serial_shops, shop_scrolls,
          uniq_gastronok
D:10:     layout_long_grid, grunt_tough_drop
Temple:   dpeg_chambers_temple

Skill      XL: |  1  2  3  4  5  6  7  8  9 10 11 |
---------------+----------------------------------+-----
Armour         | 1 2 3 4 5 6 8 |  8.3
Staves         | 4 5 6 7 9 10 11 | 11.2
Fighting       | 3 4 5 7 8 |  8.7
Dodging        | 3 4 5 6 7 |  7.0
Invocations    | 2 3 |  3.6
Throwing       | |  1.7

Action                   |  1- 3 |  4- 6 |  7- 9 | 10-12 || total
-------------------------+-------+-------+-------+-------++-------
Melee: Quarterstaff      |    90 |   140 |   166 |       ||   396
       Whip              |       |       |    66 |       ||    66
       Lajatang          |       |       |   172 |   337 ||   509
Throw: Throwing net      |       |     1 |       |     3 ||     4
Evoke: Wand              |       |       |       |     6 ||     6
  Use: Scroll            |       |    10 |     7 |     7 ||    24
       Potion            |       |       |     1 |     4 ||     5
 Stab: Held in net/web   |       |       |       |     1 ||     1
  Eat: Chunk             |       |     6 |    22 |    11 ||    39
Armor: Leather armour    |    29 |       |       |       ||    29
       Ring mail         |    27 |    53 |    29 |       ||   109
       Scale mail        |       |       |   159 |   126 ||   285
Dodge: Dodged            |    75 |    82 |   198 |   212 ||   567

Table legend:
 A = Non-vault XP
 B = Vault XP
 C = Vault XP percentage of total XP
 D = Non-vault monster count
 E = Vault monster count
 F = Vault count percentage of total count
                 A         B        C        D         E       F
            +---------+---------+-------+---------+---------+-------
      Total |    7502 |    5614 |  42.8 |     189 |      34 |  15.2
            +---------+---------+-------+---------+---------+-------
        D:1 |      40 |       0 |   0.0 |      23 |       0 |   0.0
        D:2 |      59 |       0 |   0.0 |      18 |       0 |   0.0
        D:3 |      61 |      21 |  25.6 |      22 |       5 |  18.5
        D:4 |     544 |     393 |  41.9 |      22 |       5 |  18.5
        D:5 |     479 |    1498 |  75.8 |      12 |       7 |  36.8
        D:6 |     547 |     172 |  23.9 |      10 |       1 |   9.1
        D:7 |    1052 |     113 |   9.7 |      22 |       1 |   4.3
        D:8 |    2029 |     713 |  26.0 |      19 |       8 |  29.6
        D:9 |    1508 |    2330 |  60.7 |      29 |       4 |  12.1
       D:10 |    1183 |     374 |  24.0 |      12 |       3 |  20.0
            +---------+---------+-------+---------+---------+-------
